 Dungeon Crawl Stone Soup version 0.22-a0-407-gb098539 (webtiles) character file.

25295 Gorice the Thaumaturge (level 12, -1/71 HPs)
             Began as a Deep Elf Fire Elementalist on May 8, 2018.
             Was an Elder of Vehumet.
             Killed from afar by a lindwurm (16 damage)
             ... with a blast of flame
             ... in a volcano on May 9, 2018.
             The game lasted 01:19:23 (15733 turns).

Gorice the Thaumaturge (DEFE)                      Turns: 15733, Time: 01:19:24

Health: -1/71      AC:  9    Str:  5    XL:     12   Next: 88%
Magic:  20/47      EV: 18    Int: 26    God:    Vehumet [****..]
Gold:   937        SH:  0    Dex: 15    Spells: 20/39 levels left

rFire    + . .     SeeInvis .   a - staff of power
rCold    . . .     Gourm    .   (no shield)
rNeg     . . .     Faith    .   l - +1 robe {rF+}
rPois    +         Spirit   .   k - +2 helmet
rElec    .         Reflect  .   x - +2 cloak {rPois}
rCorr    .         Harm     .   (no gloves)
MR       +....                  (no boots)
Stlth    ++........             I - amulet of the acrobat
HPRegen  0.21/turn              (no ring)
MPRegen  0.30/turn              F - ring of flight

@: no status effects
A: no striking features
a: Renounce Religion, Evoke Flight


You were in a volcano.
You worshipped Vehumet.
Vehumet was greatly pleased with you.
You were hungry.

You visited 3 branches of the dungeon, and saw 16 of its levels.
You also visited: Volcano.

You collected 973 gold pieces.
You spent 36 gold pieces at shops.

Inventory:

Hand Weapons
 b - the +5 flail of Calamity {freeze, rElec rPois Stlth+}
   (You found it on level 10 of the Dungeon)

   It has been specially enchanted to freeze those struck by it, causing extra
   injury to most foes and up to half again as much damage against particularly
   susceptible opponents.
   It can also slow down cold-blooded creatures.
   It insulates you from electricity.
   It protects you from poison.
   It makes you more stealthy.
Missiles
 p - 3 tomahawks
 y - 8 poisoned javelins (quivered)
 Y - 369 stones
Armour
 k - a +2 helmet (worn)
 l - a +1 robe of fire resistance (worn)
   (You took it off an orc wizard on level 3 of the Dungeon)
 o - the +1 pair of gloves of Fimm {+Blink rF- Dex+6}
   (You found it on level 3 of the Lair of Beasts)

   It affects your dexterity (+6).
   It makes you vulnerable to fire.
   It lets you blink.
 x - a +2 cloak of poison resistance (worn)
   (You took it off Crazy Yiuf on level 4 of the Dungeon)
 C - +0 storm dragon scales
Magical Staves
 a - an uncursed staff of power (weapon)
 B - an uncursed staff of wizardry
Jewellery
 F - a ring of flight (right hand)
 I - an amulet of the acrobat (around neck)
Wands
 d - a wand of disintegration (12)
 f - a wand of polymorph (13)
 i - a wand of iceblast (28)
 s - a wand of paralysis (14)
 w - a wand of digging (15)
 E - a wand of acid (6)
 L - a wand of flame (70)
Scrolls
 q - 4 scrolls of teleportation {!r}
 t - 6 scrolls of remove curse
 v - a scroll of enchant weapon
 H - 2 scrolls of fog
 J - a scroll of enchant armour
 N - 2 scrolls of identify
Potions
 g - 4 potions of brilliance {!q}
 h - a potion of resistance {!q}
 j - 2 potions of curing
 m - 2 potions of heal wounds {!q}
 n - 6 potions of agility {!q}
 u - a potion of might {!q}
 z - a potion of ambrosia
 A - a potion of lignification {!q}
 D - 4 potions of haste {!q}
 G - a potion of magic {!q}
 P - 2 potions of berserk rage
Miscellaneous
 e - a sack of spiders
Comestibles
 c - 34 rations


   Skills:
 + Level 6.7 Fighting
 + Level 8.5 Dodging
 - Level 2.4 Stealth
 + Level 14.2 Spellcasting
 - Level 12.0 Conjurations
 - Level 4.0 Translocations
 - Level 12.0 Fire Magic


You had 20 spell levels left.
You knew the following spells:

 Your Spells              Type           Power        Failure   Level  Hunger
a - Flame Tongue          Conj/Fire      #####        0%          1    None
b - Throw Flame           Conj/Fire      ######       1%          2    None
c - Conjure Flame         Conj/Fire      ######..     1%          3    None
d - Sticky Flame          Conj/Fire      ######..     1%          4    None
e - Fireball              Conj/Fire      ######....   1%          5    ##.....
f - Stone Arrow           Conj/Erth      #####.       1%          3    None
A - Apportation           Tloc           #####.       1%          1    None


Dungeon Overview and Level Annotations

Branches:
Dungeon (10/15)            Temple (1/1) D:5            Lair (5/6) D:9
  Swamp (0/4) Lair:2        Snake (0/4) Lair:4        Slime (0/5) Lair:5
    Orc (0/2) D:9

Altars:
Ashenzari
Cheibriados
Dithmenos
Elyvilon
Fedhas
Gozag
Hepliaklqana
Kikubaaqudgha
Makhleb
Nemelex Xobeh
Okawaru
Qazlal
Ru
Sif Muna
Trog
Uskayaw
Vehumet
Wu Jian
Xom
Yredelemnul
Zin
The Shining One

Shops:
D:4 *


Message History

The lindwurm breathes flames at you.
The blast of flame hits the fire bat.
The fire bat completely resists.
The blast of flame misses you.
The blast of flame hits the fire bat.
The fire bat completely resists.
The fire bat completely misses you. The fire bat bites you.
* * * LOW HITPOINT WARNING * * *
You are engulfed in flames.
You resist.
* * * LOW HITPOINT WARNING * * *
Damage: 6 (max 12) Unknown command.
Unknown command.
Unknown command.
Unknown command.
Unknown command.
A fire bat comes into view.
Your surroundings suddenly seem different.
Unknown command.
The air gets thick with the scent of sulphur.
In the distance, the volcano erupts with a roar.
There is a rocky tunnel leading out of this place here.
Okay, then.
Wear which item? (? for menu, Esc to quit)
Okay, then.
Wield which item (- for none, * to show all)? (? for menu, Esc to quit)
The +5 flail of Calamity {freeze, rElec rPois Stlth+} stops glowing.
You feel your magic capacity increase.
a - an uncursed staff of power (weapon)
Really quaff
G - 2 potions of magic {!q}?
Magic courses through your body.
You start resting.
You are feeling hungry.
You start resting.
Casting: Stone Arrow (safe; 1% risk of failure)
Confirm with . or Enter, or press ? or * to list all spells.
Aiming: Stone Arrow (safe; 1% risk of failure)
Press: ? - help, Shift-Dir - straight line, f - lindwurm
Aim: a lindwurm (lightly wounded, hasn't noticed you)
The stone arrow hits the lindwurm.
The lindwurm is lightly wounded.
The lindwurm roars!
You hear an angry hiss.
Casting: Stone Arrow (safe; 1% risk of failure)
Confirm with . or Enter, or press ? or * to list all spells.
Aiming: Stone Arrow (safe; 1% risk of failure)
Press: ? - help, Shift-Dir - straight line, f/p - lindwurm
Aim: a lindwurm (lightly wounded)
The stone arrow hits the lindwurm.
The lindwurm is moderately wounded.
The lindwurm breathes flames at you. The blast of flame hits you! You resist.
You die...

#....≈§§≈§≈≈≈≈§§bb§bk#
.....§§≈≈≈§§≈≈≈...DD##
....≈≈§≈≈§≈≈§≈≈§≈..§.#
.....≈≈§≈≈§≈§§§.....####
......≈≈≈§≈§§§§......#.##.§§§
..#................##....bb).
####..###..#.k...######.....!
§§##### ######.###### #####
§## ##..@...# ≈# ##.......#
## #.......## # #≈§...≈§≈#
##≈≈§≈≈≈## ##§§§≈## ###§§#
#§## ###


You could see a lindwurm.

Vanquished Creatures
  A two-headed ogre (D:10)
  3 death yaks (D:9)
  Pikel (D:5)
  3 black mambas
  Joseph (D:8)
  8 spiny frogs
  A rime drake (Lair:2)
  3 komodo dragons
  Prince Ribbit (D:5)
  2 trolls
  8 blink frogs
  7 hippogriffs
  6 dream sheep (Lair:4)
  5 yaks (Lair:1)
  A spriggan (D:8)
  4 basilisks
  3 fire bats (Volcano)
  A hungry ghost (D:10)
  A steam dragon (D:7)
  2 nagas (Lair:4)
  5 vampire mosquitoes (Lair:2)
  A hell hound (Volcano)
  8 water moccasins
  12 porcupines
  A swamp drake (Lair:1)
  An ice beast (D:6)
  A sky beast (D:7)
  A black bear (D:10)
  3 phantoms
  5 orc warriors
  2 eyes of draining (D:6)
  7 ogres
  13 wolves
  A necrophage (D:7)
  2 centaurs
  20 crocodiles
  4 big kobolds (D:9)
  12 bullfrogs
  2 gnoll sergeants (D:9)
  Blork the orc (D:4)
  A wyvern skeleton (D:4)
  3 scorpions
  8 killer bees
  12 wights
  3 crimson imps
  A centaur zombie (D:6)
  6 hounds
  5 orc priests
  A jelly (D:5)
  Crazy Yiuf (D:4)
  7 iguanas
  3 hell rats (D:9)
  Natasha (twice) (D:4)
  9 orc wizards
  4 worker ants
  A killer bee zombie (D:6)
  The ghost of dstrtnsr the Covered, a weakling DDFi (D:3)
  A hound skeleton (D:7)
  A mummy (D:9)
  A worker ant zombie (D:7)
  13 adders
  4 gnolls (D:9)
  A howler monkey skeleton (D:7)
  2 shadow imps (D:5)
  2 oozes
  4 worms
  2 adder skeletons (D:4)
  4 dart slugs
  11 leopard geckos
  19 orcs
  4 giant cockroaches
  7 goblins
  4 hobgoblins
  17 kobolds
  2 quokkas
  2 ball pythons
  5 bats
  10 frilled lizards
  2 quokka skeletons
  2 rats
  2 fungi
354 creatures vanquished.

Vanquished Creatures (others)
  A hound (D:5)
  A quokka (D:5)
  3 fungi
  A plant (Lair:4)
6 creatures vanquished.

Grand Total: 360 creatures vanquished

Notes
Turn   | Place    | Note
-------+----------+-------------------------------------------
     0 | D:1      | Gorice the Deep Elf Fire Elementalist began the quest for the Orb.
     0 | D:1      | Reached XP level 1. HP: 10/10 MP: 6/6
    76 | D:1      | HP: 2/10 [goblin/club (3)]
   397 | D:1      | Reached skill level 2 in Conjurations
   397 | D:1      | Reached XP level 2. HP: 14/15 MP: 0/8
   948 | D:1      | Reached skill level 3 in Conjurations
  1058 | D:1      | Reached XP level 3. HP: 16/19 MP: 3/9
  1332 | D:2      | Found a stormy altar of Qazlal.
  1729 | D:2      | Found an ornate altar of the Wu Jian Council.
  1763 | D:2      | Reached XP level 4. HP: 24/24 MP: 4/11
  2114 | D:3      | Reached skill level 4 in Fire Magic
  2296 | D:3      | Noticed dstrtnsr's ghost (weakling DDFi)
  2310 | D:3      | Killed dstrtnsr's ghost
  2310 | D:3      | Reached skill level 4 in Conjurations
  2329 | D:3      | Reached XP level 5. HP: 26/28 MP: 3/12
  2401 | D:3      | Reached skill level 4 in Spellcasting
  2535 | D:3      | Learned a level 2 spell: Throw Flame
  2566 | D:4      | Noticed Natasha
  3000 | D:4      | Reached XP level 6. HP: 32/32 MP: 9/14
  3011 | D:4      | Learned a level 3 spell: Conjure Flame
  3016 | D:4      | Learned a level 4 spell: Sticky Flame
  3023 | D:4      | Killed Natasha
  3023 | D:4      | Reached skill level 5 in Fire Magic
  3031 | D:4      | Reached skill level 5 in Conjurations
  3032 | D:4      | Found a shadowy altar of Dithmenos.
  3082 | D:4      | Noticed Blork the orc
  3102 | D:4      | Killed Blork the orc
  3452 | D:4      | Noticed a hippogriff
  3460 | D:4      | Killed a hippogriff
  3460 | D:4      | Reached skill level 5 in Spellcasting
  3460 | D:4      | Reached skill level 6 in Fire Magic
  3460 | D:4      | Reached XP level 7. HP: 15/36 MP: 7/17
  3464 | D:4      | Reached skill level 6 in Conjurations
  3553 | D:4      | Found Joabburi's General Store.
  3608 | D:4      | Bought a scroll of remove curse for 36 gold pieces
  3833 | D:4      | Found a hazy altar of Hepliaklqana.
  3961 | D:4      | Found a runed door.
  3995 | D:4      | Noticed Crazy Yiuf
  3998 | D:4      | Killed Crazy Yiuf
  3998 | D:4      | Reached skill level 6 in Spellcasting
  3998 | D:4      | Reached XP level 8. HP: 41/41 MP: 19/19
  4083 | D:4      | Noticed Natasha
  4086 | D:4      | Killed Natasha
  4086 | D:4      | Reached skill level 7 in Fire Magic
  4324 | D:5      | Entered Level 5 of the Dungeon
  4411 | D:5      | Reached skill level 7 in Conjurations
  4601 | D:5      | Noticed Pikel
  4618 | D:5      | Killed Pikel
  4618 | D:5      | Reached skill level 7 in Spellcasting
  4618 | D:5      | Reached skill level 8 in Conjurations
  4618 | D:5      | Reached skill level 8 in Fire Magic
  4723 | D:5      | Found an iron altar of Okawaru.
  4732 | D:5      | Learned a level 5 spell: Fireball
  4741 | D:5      | Noticed Prince Ribbit
  4750 | D:5      | Killed Prince Ribbit
  4761 | D:5      | Reached XP level 9. HP: 20/45 MP: 22/22
  5196 | D:5      | Found a staircase to the Ecumenical Temple.
  5214 | D:5      | Found a burning altar of Makhleb.
  5245 | Temple   | Entered the Ecumenical Temple
  5337 | Temple   | Became a worshipper of Vehumet
  5461 | D:5      | Found an iron altar of Okawaru.
  5792 | D:6      | Reached skill level 9 in Fire Magic
  5828 | D:6      | Reached skill level 9 in Conjurations
  5941 | D:6      | Found a bloodstained altar of Trog.
  5955 | D:6      | Reached skill level 8 in Spellcasting
  6766 | D:7      | Reached skill level 10 in Fire Magic
  6945 | D:7      | Reached skill level 10 in Conjurations
  6946 | D:7      | Reached * piety under Vehumet
  6946 | D:7      | Offered knowledge of Shock by Vehumet.
  7156 | D:7      | Reached XP level 10. HP: 50/50 MP: 16/24
  7383 | D:7      | Found a shimmering altar of Xom.
  7637 | D:7      | Upgraded the game from 0.22-a0-406-g9ff8d77 to 0.22-a0-407-gb098539
  7646 | D:8      | Reached skill level 9 in Spellcasting
  7669 | D:8      | Noticed Joseph
  7685 | D:8      | Killed Joseph
  8134 | D:8      | Found a bloodstained altar of Trog.
  8134 | D:8      | Found a glowing silver altar of Zin.
  8135 | D:8      | Found an opulent altar of Gozag.
  8135 | D:8      | Found a sacrificial altar of Ru.
  8136 | D:8      | Found an ancient bone altar of Kikubaaqudgha.
  8597 | D:9      | Found a staircase to the Lair.
  8597 | D:9      | Noticed a death yak
  8597 | D:9      | Noticed a death yak
  8633 | D:9      | Found a snail-covered altar of Cheibriados.
  8678 | D:9      | Learned a level 1 spell: Apportation
  8685 | D:9      | Noticed a death yak
  8778 | D:9      | Killed a death yak
  8778 | D:9      | Reached skill level 11 in Fire Magic
  8779 | D:9      | Killed a death yak
  8779 | D:9      | Reached skill level 11 in Conjurations
  8785 | D:9      | Killed a death yak
  8939 | D:9      | Found a snail-covered altar of Cheibriados.
  9025 | D:9      | Reached skill level 10 in Spellcasting
  9309 | D:9      | Found a staircase to the Orcish Mines.
  9316 | D:9      | Reached ** piety under Vehumet
  9316 | D:9      | Offered knowledge of Freeze by Vehumet.
  9319 | D:9      | Reached XP level 11. HP: 41/54 MP: 21/27
  9549 | D:10     | Entered Level 10 of the Dungeon
  9628 | D:10     | Reached skill level 12 in Fire Magic
  9638 | D:10     | Got a bloodstained flail
  9639 | D:10     | Identified the +5 flail of Calamity {freeze, rElec rPois Stlth+} (You found it on level 10 of the Dungeon)
  9726 | D:10     | Reached skill level 12 in Conjurations
  9825 | D:10     | Noticed a two-headed ogre
  9840 | D:10     | Killed a two-headed ogre
  9840 | D:10     | Reached skill level 1 in Fighting
  9840 | D:10     | Reached skill level 1 in Translocations
 10037 | D:10     | Got a bloodstained falchion
 10038 | D:10     | Identified the +8 falchion "Keniuqot" {venom, rF- Dex+4} (You found it on level 10 of the Dungeon)
 10147 | D:10     | Reached skill level 2 in Translocations
 10459 | Lair:1   | Entered Level 1 of the Lair of Beasts
 10625 | Lair:1   | Reached skill level 2 in Fighting
 10625 | Lair:1   | Reached skill level 11 in Spellcasting
 10625 | Lair:1   | Reached skill level 3 in Translocations
 10829 | Lair:1   | Offered knowledge of Ignite Poison by Vehumet.
 10916 | Lair:1   | Reached skill level 4 in Translocations
 10917 | Lair:1   | Reached *** piety under Vehumet
 10921 | Lair:1   | Reached skill level 3 in Fighting
 11020 | Lair:1   | HP: 14/60 [crocodile (13)]
 11021 | Lair:1   | Offered knowledge of Stone Arrow by Vehumet.
 11027 | Lair:1   | Learned a level 3 spell: Stone Arrow
 11637 | Lair:2   | Reached skill level 3 in Dodging
 11644 | Lair:2   | Reached skill level 12 in Spellcasting
 11718 | Lair:2   | Reached skill level 4 in Fighting
 11723 | Lair:2   | Reached **** piety under Vehumet
 11732 | Lair:2   | HP: 17/61 [vampire mosquito (7)]
 11733 | Lair:2   | HP: 8/61 [vampire mosquito (6)]
 11739 | Lair:2   | Reached skill level 4 in Dodging
 12208 | Lair:2   | Offered knowledge of Lee's Rapid Deconstruction by Vehumet.
 12270 | Lair:2   | Reached XP level 12. HP: 44/67 MP: 30/30
 12383 | Lair:2   | Reached skill level 5 in Dodging
 12627 | Lair:2   | Found a staircase to the Swamp.
 12694 | Lair:2   | HP: 18/67 [black mamba (12)]
 12698 | Lair:2   | HP: 4/68 [blink frog (12)]
 12731 | Lair:2   | Reached skill level 5 in Fighting
 13358 | Lair:3   | Got a pair of encrusted gloves
 13364 | Lair:3   | Identified the +1 pair of gloves of Fimm {+Blink rF- Dex+6} (You found it on level 3 of the Lair of Beasts)
 13421 | Lair:3   | Reached skill level 6 in Dodging
 13630 | Lair:3   | Reached skill level 13 in Spellcasting
 14442 | Lair:4   | Reached skill level 7 in Dodging
 14492 | Lair:4   | HP: 8/69 [dream sheep (29)]
 14497 | Lair:4   | HP: 8/69 [dream sheep (1)]
 14503 | Lair:4   | Reached skill level 6 in Fighting
 14943 | Lair:4   | Found a staircase to the Snake Pit.
 15002 | Lair:4   | Reached skill level 8 in Dodging
 15217 | Lair:4   | Reached skill level 14 in Spellcasting
 15466 | Lair:5   | Found a staircase to the Slime Pits.
 15640 | Lair:5   | Found a dark tunnel.
 15650 | Volcano  | Entered a volcano
 15695 | Volcano  | Noticed a fire dragon
 15711 | Volcano  | HP: 19/71 [fire dragon/blast of flame (4)]
 15712 | Volcano  | HP: 9/71 [fire dragon (11)]
 15717 | Volcano  | HP: 10/71 [fire dragon (8)]
 15722 | Volcano  | HP: 17/71 [fire bat (3)]
 15733 | Volcano  | Killed from afar by a lindwurm

Vault maps used:
D:1:      moated_graveyard_arrival
D:2:      nicolae_overflow_crystal_walls, first_ration,
          nicolae_qazlal_general_emergency
D:3:      minivault_19
D:4:      corexii_shack_village, old_standard_altar, old_standard_altar,
          serial_shops, shop_statue, uniq_natasha, uniq_crazy_yiuf_cottage,
          uniq_blork_the_orc
D:5:      kennysheep_mini_moat, lemuel_coloured_pillars_altar,
          minmay_temple_entry_statues_fountains, basic_altar, abandoned_shop,
          uniq_pikel, uniq_prince_ribbit1
D:6:      trog_eyes_of_draining
D:7:      nicolae_overflow_hidden_temple
D:8:      grunt_temple_overflow_open, the_bakery, uniq_joseph
D:9:      slow_altar_2, dpeg_lair_monsters,
          kennysheep_orc_monster_closet_entryway, kennysheep_small_circle
Temple:   cyrus_temple_forest
Lair:1:   lemuel_reptile_caves, serial_bayou_shore_b
Lair:2:   minmay_swamp_entry_swarm
Lair:4:   guppyfry_snake_entry_island, lemuel_fruit_fields
Lair:5:   regret_index_tunnel_blossom, slime_dummy, enter_volcano_4,
          infiniplex_staircase_pool
Volcano:  volcano_pools

Skill      XL: |  1  2  3  4  5  6  7  8  9 10 11 12 |
---------------+-------------------------------------+-----
Conjurations   | 2 3 4 5 6 8 10 11 12 | 12.0
Fire Magic     | 4 6 8 10 11 12 | 12.0
Spellcasting   | 4 5 6 7 8 10 12 14 | 14.2
Fighting       | 4 6 |  6.7
Translocations | 4 |  4.0
Dodging        | 4 8 |  8.5
Stealth        | |  2.4

Action                   |  1- 3 |  4- 6 |  7- 9 | 10-12 || total
-------------------------+-------+-------+-------+-------++-------
Melee: Unarmed           |     3 |       |       |       ||     3
       Dagger            |     6 |       |       |       ||     6
       Short sword       |       |    25 |    20 |       ||    45
       Staff             |       |       |    15 |    21 ||    36
       Spear             |       |       |    18 |       ||    18
       Flail             |       |       |       |    36 ||    36
 Cast: Flame Tongue      |    76 |    80 |   110 |    71 ||   337
       Throw Flame       |       |     5 |    63 |   151 ||   219
       Conjure Flame     |       |     2 |    10 |    34 ||    46
       Sticky Flame      |       |     2 |     7 |    51 ||    60
       Fireball          |       |       |    11 |    45 ||    56
       Stone Arrow       |       |       |       |    77 ||    77
  Use: Scroll            |       |    10 |     4 |    16 ||    30
       Potion            |       |       |       |     6 ||     6
 Stab: Sleeping          |     1 |     1 |       |       ||     2
       Distracted        |       |       |     1 |       ||     1
  Eat: Chunk             |     2 |     6 |    14 |    28 ||    50
       Ration            |       |       |       |     1 ||     1
Armor: Robe              |    12 |    17 |    16 |    51 ||    96
Dodge: Dodged            |    25 |    33 |    40 |   157 ||   255

Table legend:
 A = Spawn XP
 B = Non-spawn XP
 C = Spawn XP percentage of total XP
 D = Spawn monster count
 E = Non-spawn monster count
 F = Spawn count percentage of total count
 G = Total turns spent on level
                    A         B        C        D         E        F      G
               +---------+---------+-------+---------+---------+-------+---------
         Total |       0 |   36136 |   0.0 |       0 |     352 |   0.0 | 15733
               +---------+---------+-------+---------+---------+-------+---------
           D:1 |       0 |      43 |   0.0 |       0 |      22 |   0.0 |  1127
           D:2 |       0 |      57 |   0.0 |       0 |      16 |   0.0 |   846
           D:3 |       0 |     245 |   0.0 |       0 |      23 |   0.0 |   986
           D:4 |       0 |    1143 |   0.0 |       0 |      35 |   0.0 |  1365
           D:5 |       0 |    1448 |   0.0 |       0 |      19 |   0.0 |  1123
           D:6 |       0 |    1457 |   0.0 |       0 |      24 |   0.0 |  1018
           D:7 |       0 |    1500 |   0.0 |       0 |      27 |   0.0 |  1103
           D:8 |       0 |     733 |   0.0 |       0 |       4 |   0.0 |   925
           D:9 |       0 |    4920 |   0.0 |       0 |      37 |   0.0 |   983
          D:10 |       0 |    1914 |   0.0 |       0 |       9 |   0.0 |   868
        Lair:1 |       0 |    5239 |   0.0 |       0 |      51 |   0.0 |  1475
        Lair:2 |       0 |    6269 |   0.0 |       0 |      29 |   0.0 |  1417
        Lair:3 |       0 |    3760 |   0.0 |       0 |      20 |   0.0 |  1079
        Lair:4 |       0 |    5847 |   0.0 |       0 |      27 |   0.0 |  1011
        Lair:5 |       0 |     825 |   0.0 |       0 |       5 |   0.0 |   209
       Volcano |       0 |     736 |   0.0 |       0 |       4 |   0.0 |    83
               +---------+---------+-------+---------+---------+-------+---------

Table legend:
 A = Turns spent in this place as a percentage of turns spent in the entire game.
 B = Non-inter-level travel turns spent in this place as a percentage of non-inter-level travel turns spent in the entire game.
 C = Inter-level travel turns spent in this place as a percentage of turns spent in this place.
 D = Turns resting spent in this place as a percentage of non-inter-level travel turns spent in this place.
 E = Turns spent auto-exploring this place as a percentage of non-inter-level travel turns spent in this place.
 F = Non-inter-level travel turns spent in this place divided by the number of levels of this place that you've seen.
                   A       B       C       D       E      F
               +-------+-------+-------+-------+-------+----------------------
         Total | 100.0 | 100.0 |   3.7 |  28.0 |  44.5 | 891.2
       Dungeon |  65.7 |  65.2 |   4.4 |  27.9 |  47.9 | 988.6
        Temple |   0.7 |   0.8 |   0.0 |   0.0 |   0.0 | 115.0
          Lair |  33.0 |  33.4 |   2.4 |  29.3 |  39.7 | 1013.4
       Volcano |   0.5 |   0.5 |   0.0 |   2.4 |   0.0 |  83.0
               +-------+-------+-------+-------+-------+----------------------

Vault maps used:
D:1:      moated_graveyard_arrival
D:2:      nicolae_overflow_crystal_walls, first_ration,
          nicolae_qazlal_general_emergency
D:3:      minivault_19
D:4:      corexii_shack_village, old_standard_altar, old_standard_altar,
          serial_shops, shop_statue, uniq_natasha, uniq_crazy_yiuf_cottage,
          uniq_blork_the_orc
D:5:      kennysheep_mini_moat, lemuel_coloured_pillars_altar,
          minmay_temple_entry_statues_fountains, basic_altar, abandoned_shop,
          uniq_pikel, uniq_prince_ribbit1
D:6:      trog_eyes_of_draining
D:7:      nicolae_overflow_hidden_temple
D:8:      grunt_temple_overflow_open, the_bakery, uniq_joseph
D:9:      slow_altar_2, dpeg_lair_monsters,
          kennysheep_orc_monster_closet_entryway, kennysheep_small_circle
Temple:   cyrus_temple_forest
Lair:1:   lemuel_reptile_caves, serial_bayou_shore_b
Lair:2:   minmay_swamp_entry_swarm
Lair:4:   guppyfry_snake_entry_island, lemuel_fruit_fields
Lair:5:   regret_index_tunnel_blossom, slime_dummy, enter_volcano_4,
          infiniplex_staircase_pool
Volcano:  volcano_pools
